Map: Ulrena

Players

LilDicky

  • Race: Terran Terran
  • League: Diamond

UnderlineENT - Winner!

  • Race: Zerg Zerg
  • League: Diamond

VOD

http://www.twitch.tv/tumescentpie

Description

Time

  • Played on: Dec. 8, 2015, 10:11 a.m.
  • Length: 4:59
Show
View Real Time Build Order
Export as new Build Order

LilDicky Terran 

Build Orders: Liberator Opening 

Get SALT Encoding   

  12  0:02  SCV  
  14  0:14  SCV  
  14  0:18  Supply Depot  
  14  0:26  SCV  
  15  0:34  Refinery  
  15  0:39  SCV  
  16  0:45  Barracks  
  16  0:51  SCV  
  17  1:04  SCV  
  18  1:07  Refinery  
  18  1:16  SCV  
  19  1:32  Supply Depot, Marine  
  21  1:34  Orbital Command  
  20  2:01  Factory  
  20  2:09  SCV  
  20  2:12  Barracks Reactor  
  21  2:16  Supply Depot  
  21  2:21  SCV  
  22  2:33  SCV  
  23  2:44  Armory  
  23  2:47  Starport  
  23  2:48  Factory Tech Lab  
  23  2:50  Marine x2  
  25  2:51  SCV  
  26  3:05  Supply Depot  
  26  3:06  SCV  
  26  3:08  Marine  
  26  3:11  Marine  
  29  3:24  Medivac  
  31  3:29  Marine  
  31  3:30  Marine  
  31  3:31  Thor  
  39  3:34  SCV  
  39  3:40  Liberator  
  40  3:46  SCV  
  41  3:52  Supply Depot  
  41  3:58  SCV  
  41  4:02  Marine x2  
  47  4:13  SCV  
  48  4:20  Marine  
  49  4:24  Siege Tank  
  49  4:27  SCV  
  49  4:30  Supply Depot, Marine  
Show
View Real Time Build Order
Export as new Build Order

UnderlineENT Zerg - Winner!

Build Orders: Hatch First 

Get SALT Encoding   

  12  0:01  Drone  
  13  0:12  Overlord  
  13  0:17  Drone  
  14  0:30  Drone  
  14  0:31  Drone  
  14  0:34  Drone  
  17  0:52  Hatchery  
  17  0:55  Drone  
  17  1:08  Spawning Pool  
  16  1:12  Drone  
  16  1:15  Drone  
  18  1:19  Drone  
  18  1:21  Extractor  
  18  1:28  Drone  
  19  1:44  Overlord  
  19  1:53  Drone  
  20  2:00  Drone  
  21  2:04  Queen  
  21  2:05  Queen  
  21  2:06  Drone  
  26  2:10  Drone  
  27  2:15  Drone  
  28  2:23  Metabolic Boost  
  28  2:25  Drone  
  28  2:26  Drone  
  30  2:38  Hatchery  
  29  2:44  Queen  
  31  2:54  Drone  
  32  3:00  Queen  
  34  3:07  Overlord  
  34  3:08  Zergling x4  
  36  3:16  Drone, Spine Crawler  
  36  3:17  Baneling Nest, Drone  
  36  3:26  Drone x2  
  36  3:27  Drone x2  
  39  3:28  Drone  
  39  3:32  Zergling x2  
  39  3:33  Zergling x2  
  43  3:38  Zergling x2  
  44  3:51  Drone x4  
  44  3:54  Drone  
  44  3:55  Extractor  
  48  4:05  Spore Crawler  
  48  4:08  Spore Crawler  
  47  4:10  Drone x4  
  50  4:19  Roach Warren  
  49  4:26  Zergling x2  
  45  4:59  Extractor  
Tags
 
Add a new tag
Caveats
  • Supply blocks, unpowered buildings, or Contaminate may cause inaccurate times.
  • Supply counts are checked every 10 seconds.